[Event "ICC tourney 1932 (15 5)"]
[Site "Internet Chess Club"]
[Date "2020.07.24"]
[Round "4"]
[White "NonnaThat"]
[Black "espark"]
[Result "0-1"]
[ICCResult "White forfeits on time"]
[WhiteElo "1730"]
[BlackElo "1726"]
[Opening "Robatsch (modern) defense"]
[ECO "B06"]
[NIC "KF.05"]
[Time "20:01:39"]
[TimeControl "900+5"]

1. e4 g6 2. d4 Bg7 3. Nc3 d6 4. Be3 a6 5. Qd2 b5 6. a3 Bb7 7. O-O-O Nd7 8.
f4 Ngf6 9. e5 Nd5 10. Nxd5 Bxd5 11. Ne2 Bb7 12. Rg1 c5 13. exd6 exd6 14. f5
Bc6 15. dxc5 dxc5 16. Bg5 Bf6 17. Bh6 Qc7 18. Bf4 Be5 19. fxg6 hxg6 20. Qe3
f6 21. Nc3 O-O-O 22. Bxe5 Qxe5 23. Qf2 Rxh2 24. Bd3 Qg5+ 25. Rd2 c4 26. Be4
Ne5 27. Rd1 Rxd2 28. Rxd2 Rh1+ 29. Nd1 Bxe4 30. Qc5+ Bc6 31. Qf8+ Kb7 32.
Qe7+ Nd7 {White forfeits on time} 0-1

[Event "ICC tourney 1932 (15 5)"]
[Site "Internet Chess Club"]
[Date "2020.07.24"]
[Round "4"]
[White "JosephLevine"]
[Black "sathviks"]
[Result "0-1"]
[ICCResult "White checkmated"]
[WhiteElo "1433"]
[BlackElo "1736"]
[Opening "Scandinavian (center counter) defense"]
[ECO "B01"]
[NIC "SD.01"]
[Time "20:02:01"]
[TimeControl "900+5"]

1. e4 d5 2. exd5 Qxd5 3. Nc3 Qa5 4. Bc4 Nf6 5. Nf3 Bg4 6. O-O e6 7. d4 Nbd7
8. Bd2 c6 9. Ne4 Qc7 10. Ng3 h5 11. h4 Bd6 12. Qe1 Bxf3 13. gxf3 O-O-O 14.
b4 e5 15. Bxf7 exd4 16. Qe6 Bxg3 17. fxg3 Qxg3+ 18. Kh1 Qxh4+ 19. Kg2 Nd5
20. Rae1 Nf4+ 21. Bxf4 Qxf4 22. Re4 Qd2+ 23. Rf2 Qxb4 24. c4 Rh6 25. Bg6 Qc5
26. f4 h4 27. Rd2 Qa3 28. Bf5 Rxe6 29. Bxe6 Qg3+ 30. Kf1 Qf3+ 31. Ke1 Qxe4+
32. Re2 Qxf4 33. Kd1 d3 34. Rd2 Qf1# {White checkmated} 0-1

[Event "ICC tourney 1932 (15 5)"]
[Site "Internet Chess Club"]
[Date "2020.07.24"]
[Round "4"]
[White "rohitdagod"]
[Black "AmyMGL"]
[Result "1-0"]
[ICCResult "Black resigns"]
[WhiteElo "1330"]
[BlackElo "1352"]
[Opening "Sicilian: Kan, 5.Nc3"]
[ECO "B43"]
[NIC "SI.41"]
[Time "20:01:51"]
[TimeControl "900+5"]

1. e4 c5 2. Nf3 e6 3. d4 cxd4 4. Nxd4 a6 5. Nc3 Qc7 6. f4 Bb4 7. Qd3 Nf6 8.
Be2 Bxc3+ 9. bxc3 Nxe4 10. c4 Qa5+ 11. Bd2 Qxd2+ 12. Qxd2 Nxd2 13. Kxd2 Nc6
14. c3 d6 15. Bf3 Na5 16. Kd3 Rb8 17. a4 Bd7 18. Rhb1 e5 19. fxe5 dxe5 20.
Re1 f6 21. Bd5 Kd8 22. Ne6+ Bxe6 23. Bxe6 Ke7 24. Bd5 Nb3 25. Ra3 Nc5+ 26.
Ke3 f5 27. g3 g5 28. Kf3 Kf6 29. a5 e4+ 30. Ke3 f4+ 31. Kd4 Ne6+ 32. Kxe4
Nc7 33. Kd4 Rhd8 34. gxf4 Rxd5+ 35. cxd5 Nb5+ 36. Kd3 Nxa3 37. c4 Rc8 38.
fxg5+ Kxg5 39. Rc1 Kf5 40. Rc3 Ke5 41. Rxa3 Rf8 42. Ke3 Rc8 43. Kd3 Rf8 44.
Rb3 Rf3+ 45. Kc2 Rf2+ 46. Kc3 Rxh2 47. Rxb7 Rh3+ 48. Kb4 Kd4 49. d6 Rh1 50.
d7 Rb1+ 51. Ka3 Rxb7 52. d8=Q+ Kc3 53. Qf6+ Kd2 54. Qf2+ Kc1 55. Qg1+ Kd2
56. Qg2+ {Black resigns} 1-0

[Event "ICC tourney 1932 (15 5)"]
[Site "Internet Chess Club"]
[Date "2020.07.24"]
[Round "4"]
[White "clair"]
[Black "Tacticsguy52"]
[Result "0-1"]
[ICCResult "White resigns"]
[WhiteElo "1535"]
[BlackElo "1355"]
[Opening "Queen's pawn, Mason variation"]
[ECO "D00"]
[NIC "QP.08"]
[Time "20:01:54"]
[TimeControl "900+5"]

1. d4 d5 2. Bf4 Nf6 3. e3 e6 4. Nf3 c5 5. c3 Nc6 6. Nbd2 Bd6 7. Ne5 Qc7 8.
Ndf3 O-O 9. Bd3 h6 10. h3 Nd7 11. Nxd7 Bxd7 12. Bxd6 Qxd6 13. O-O e5 14.
dxe5 Nxe5 15. Nxe5 Qxe5 16. Rc1 Qg5 17. Kh1 Bc6 18. Be2 d4 19. Bf3 dxe3 20.
Bxc6 bxc6 21. fxe3 Qxe3 22. Qd6 Qe6 23. Qc7 Qxa2 24. Qxc6 Qxb2 25. Qd5 Qa3
26. c4 Rad8 27. Qb7 Qa5 28. Ra1 Qb6 29. Rxa7 Qxb7 30. Rxb7 Rd4 31. Rc1 Rc8
32. Kh2 Re8 33. Rc7 Re5 34. Rc2 f6 35. Kg3 Rd3+ 36. Kh2 Rd4 37. Kg3 Kh7 38.
Kh2 Kg6 39. Kg3 Rd3+ 40. Kh2 h5 41. h4 Rd4 42. g3 Rde4 43. Kg2 Rg4 44. Rc3
f5 45. Rc6+ Kh7 46. Rc7 f4 47. Kh3 Re3 48. Rxe3 fxe3 49. Re7 Rxc4 50. Rxe3
Rc1 51. Re5 g6 52. Re7+ Kh6 53. Rc7 c4 54. Rc6 Kg7 55. Kg2 Rc3 56. Kh2 Kf7
57. Kg2 Rc2+ 58. Kf3 c3 59. Ke3 Rc1 60. Rc5 c2 61. Kd2 Rg1 62. Kxc2 Rxg3 63.
Rc3 Rxc3+ 64. Kxc3 Kf6 65. Kd3 Kf5 66. Ke2 Kg4 67. Kf2 Kxh4 68. Kg2 g5 69.
Kh2 Kg4 70. Kg2 Kf4 71. Kh2 g4 72. Kg2 h4 73. Kg1 Kf3 74. Kh1 h3 75. Kg1 g3
76. Kh1 g2+ 77. Kg1 h2+ 78. Kxh2 Kf2 79. Kh3 g1=Q {White resigns} 0-1

[Event "ICC tourney 1932 (15 5)"]
[Site "Internet Chess Club"]
[Date "2020.07.24"]
[Round "4"]
[White "chesslin"]
[Black "craigsholl66"]
[Result "1-0"]
[ICCResult "Black resigns"]
[WhiteElo "1766"]
[BlackElo "1378"]
[Opening "Queen's pawn: London system"]
[ECO "A45"]
[NIC "QP.07"]
[Time "20:01:50"]
[TimeControl "900+5"]

1. d4 Nf6 2. Bf4 e6 3. e3 d5 4. Nd2 Be7 5. Bd3 O-O 6. c3 c5 7. Bc2 Nc6 8. h3
Bd6 9. Bxd6 Qxd6 10. Ngf3 e5 11. dxe5 Nxe5 12. O-O Be6 13. Kh1 Nxf3 14. Nxf3
Qb6 15. Rb1 a5 16. Ne5 Qc7 17. Ng4 Ne4 18. Qe1 f5 19. Nh2 f4 20. Nf3 Qc8 21.
Bxe4 dxe4 22. Ng5 f3 23. gxf3 exf3 24. Nxe6 Qxe6 25. Kh2 Qe5+ 26. Kh1 Qh5
27. Kh2 Rf6 28. Rg1 Qe5+ 29. Kh1 Rh6 30. Rg3 Qf5 31. Kh2 g5 32. Qg1 Rh5 33.
Rd1 Qe5 34. Kh1 Qf5 35. Kh2 Kh8 36. c4 Rg8 37. Rd5 Qc8 38. Qd1 Rf8 39. Qd3
Qe8 40. Qc3+ Kg8 41. Rgxg5+ Rxg5 42. Rxg5+ Kf7 43. Qg7+ Ke6 44. Re5+ Kd6 45.
Rxe8 Rxe8 {Black resigns} 1-0

[Event "ICC tourney 1932 (15 5)"]
[Site "Internet Chess Club"]
[Date "2020.07.24"]
[Round "4"]
[White "helavir"]
[Black "TjkTiger"]
[Result "1/2-1/2"]
[ICCResult "Game drawn by mutual agreement"]
[WhiteElo "1907"]
[BlackElo "2234"]
[Opening "Sicilian: Hungarian variation"]
[ECO "B27"]
[NIC "SI.43"]
[Time "20:01:51"]
[TimeControl "900+5"]

1. e4 c5 2. Nf3 g6 3. c3 d5 4. exd5 Qxd5 5. d4 Bg7 6. dxc5 Qxc5 7. Na3 a6 8.
Nc4 Nd7 9. a4 Nh6 10. Be2 O-O 11. O-O Qc7 12. a5 Rd8 13. Qb3 Nf5 14. Rd1 Rb8
15. g3 Nc5 16. Rxd8+ Qxd8 17. Qa3 Nd3 18. Bg5 Be6 19. Nb6 Ne5 20. Bf4 Qc7
21. Rd1 Nxf3+ 22. Bxf3 Be5 23. Bxe5 Qxe5 24. Qb4 Nd6 25. c4 Qf5 26. Qc3 Nxc4
27. Nxc4 Bxc4 28. Bxb7 Be2 29. Re1 Qb5 30. Bxa6 Qxa6 31. Qe5 Rb5 32. Qxe2
Qxa5 33. Qxe7 Rxb2 34. Qe8+ Kg7 35. Qe5+ Qxe5 36. Rxe5
{Game drawn by mutual agreement}
1/2-1/2

[Event "ICC tourney 1932 (15 5)"]
[Site "Internet Chess Club"]
[Date "2020.07.24"]
[Round "4"]
[White "YKQ"]
[Black "Aleksandrov73"]
[Result "0-1"]
[ICCResult "White forfeits on time"]
[WhiteElo "1660"]
[BlackElo "1876"]
[Opening "Catalan: open, 5.Nf3"]
[ECO "E04"]
[NIC "CA.03"]
[Time "20:01:40"]
[TimeControl "900+5"]

1. c4 e6 2. g3 d5 3. d4 Nf6 4. Bg2 dxc4 5. Nf3 Nc6 6. Qa4 Bb4+ 7. Bd2 Bd6 8.
O-O O-O 9. Rd1 e5 10. dxe5 Nxe5 11. Nxe5 Bxe5 12. Nc3 c6 13. Bf4 Qc7 14.
Bxe5 Qxe5 15. Qxc4 Be6 16. Qd4 Qc7 17. e4 Rfd8 18. Qe3 Qb6 19. Qxb6 axb6 20.
f4 g6 21. f5 gxf5 22. exf5 Rxd1+ 23. Rxd1 Bxf5 24. Rf1 Ra5 25. b4 Re5 26. a4
Kg7 27. h3 Be6 28. b5 Rc5 29. Rxf6 Rxc3 30. Rf3 Rxf3 31. Bxf3 Bd5 32. Bd1
Kf6 33. Kf2 Ke5 34. Ke3 Bc4 35. Bc2 h6 36. Be4 Bd5 37. Bc2 Bc4 38. bxc6 bxc6
39. h4 c5 40. Bd1 f6 41. Bc2 Be6 42. Bd1 c4 43. Be2 Kd5 44. g4 Kc5 45. Bd1
Kb4 46. Kd4 c3 {White forfeits on time} 0-1

[Event "ICC tourney 1932 (15 5)"]
[Site "Internet Chess Club"]
[Date "2020.07.24"]
[Round "4"]
[White "Venom2020"]
[Black "EsatERGIN"]
[Result "1-0"]
[ICCResult "Black forfeits on time"]
[WhiteElo "1589"]
[BlackElo "1496"]
[Opening "Hungarian defense"]
[ECO "C50"]
[NIC "IG.03"]
[Time "20:01:42"]
[TimeControl "900+5"]

1. e4 e5 2. Nf3 Nc6 3. Bc4 Be7 4. d4 d6 5. dxe5 dxe5 6. Qxd8+ Bxd8 7. Nc3
Nf6 8. Be3 O-O 9. Bc5 Re8 10. Ng5 Be6 11. Nxe6 fxe6 12. Bb5 Be7 13. Bxc6
bxc6 14. Bxe7 Rxe7 15. f3 Ne8 16. O-O-O Nd6 17. b3 c5 18. Na4 c4 19. Nb2
cxb3 20. axb3 a5 21. Nd3 Nf7 22. Kb2 g5 23. Ra1 Rd7 24. Ra4 Rd4 25. Rha1 Kg7
26. Rxa5 Rxa5 27. Rxa5 Kf6 28. Kc3 Rd6 29. Rc5 Rd7 30. b4 h5 31. h3 g4 32.
hxg4 hxg4 33. fxg4 Ng5 34. Rc4 Nf7 35. Nc5 Rd1 36. Nb7 Rd7 37. Rc6 Ng5 38.
Nc5 Re7 39. Kd3 Kf7 40. Ke3 Ke8 41. Ra6 Kf8 42. Nd3 Nf7 43. Ra5 Nd6 44. Nxe5
Rg7 45. Ra8+ Ke7 46. Kf4 Nb5 47. Ra6 {Black forfeits on time} 1-0

[Event "ICC tourney 1932 (15 5)"]
[Site "Internet Chess Club"]
[Date "2020.07.24"]
[Round "4"]
[White "Sricharan07"]
[Black "harkerchess"]
[Result "0-1"]
[ICCResult "White resigns"]
[WhiteElo "1505"]
[BlackElo "1504"]
[Opening "Ruy Lopez: closed, Breyer, Borisenko variation"]
[ECO "C95"]
[NIC "RL.25"]
[Time "20:01:58"]
[TimeControl "900+5"]

1. e4 e5 2. Nf3 Nc6 3. Bb5 a6 4. Ba4 Nf6 5. O-O Be7 6. Re1 b5 7. Bb3 d6 8.
c3 O-O 9. h3 Nb8 10. d4 Nbd7 11. Nbd2 Bb7 12. Bc2 Re8 13. Nf1 Bf8 14. Ng3 g6
15. Bg5 Bg7 16. Qd2 c6 17. a4 Qc7 18. a5 exd4 19. cxd4 c5 20. d5 Bc8 21. Bf4
c4 22. Bh6 Qd8 23. Bxg7 Kxg7 24. Nd4 Nc5 25. Nc6 Qc7 26. Qd4 Nd7 27. Qd2 Bb7
28. Nd4 Rac8 29. Ra3 Kh8 30. Rf3 Qd8 31. Rfe3 c3 32. bxc3 Ne5 33. R3e2 Qxa5
34. Qg5 Qd8 35. f4 Nc4 36. Qh6 Ng8 37. Qg5 Qxg5 38. fxg5 Ne5 39. Re3 f6 40.
gxf6 Nxf6 41. Rf1 Nfd7 42. Ne6 Nf8 43. Nd4 Nfd7 44. Ne6 Nc5 45. Nd4 Rf8 46.
Nge2 Rxf1+ 47. Kxf1 Rf8+ 48. Kg1 Kg7 49. g3 Bc8 50. Kg2 g5 51. g4 Bd7 52.
Ng3 Nc4 53. Re1 Na3 54. Ngf5+ Bxf5 55. exf5 Nxc2 56. Nxc2 Kf7 57. Nd4 Re8
58. Ne6 h6 59. Ra1 Na4 60. c4 Rc8 61. cxb5 axb5 62. Rb1 Rc2+ 63. Kg1 Rb2 64.
Rc1 Kf6 65. Rc8 Nb6 66. Rf8+ Ke5 67. f6 Nd7 68. Rh8 Nxf6 69. Rxh6 Nxd5 70.
Nxg5 Kf4 71. Rxd6 Ne3 72. Ne6+ Kg3 {White resigns} 0-1

[Event "ICC tourney 1932 (15 5)"]
[Site "Internet Chess Club"]
[Date "2020.07.24"]
[Round "5"]
[White "hackerguru"]
[Black "sanjayselvam"]
[Result "1-0"]
[ICCResult "Black resigns"]
[WhiteElo "1490"]
[BlackElo "1497"]
[Opening "English opening"]
[ECO "A05"]
[NIC "QP.11"]
[Time "21:01:31"]
[TimeControl "900+5"]

1. Nf3 Nf6 2. c4 d5 3. cxd5 Nxd5 4. e4 Nf6 5. Nc3 g6 6. d4 Bg7 7. e5 Nd5 8.
Bc4 c6 9. Nxd5 cxd5 10. Bb5+ Nc6 11. Be3 Qa5+ 12. Qd2 Qxb5 13. Ng1 Qb4 14.
Ne2 Qxd2+ 15. Kxd2 Bf5 16. a3 Na5 17. Rae1 Rc8 18. Nc3 Nc4+ 19. Kc1 Nxe3 20.
fxe3 O-O 21. h3 a5 22. Kd2 b6 23. Rc1 Bd7 24. Nxd5 Rxc1 25. Nxe7+ Kh8 26.
Rxc1 Re8 27. Nd5 b5 28. Rc7 Be6 29. Nf4 h5 30. Nxe6 Rxe6 31. Rxf7 b4 32.
axb4 axb4 33. Rb7 Bf8 34. Rb8 Kg7 35. Kd3 Kf7 36. Ke4 Re7 37. d5 Bg7 38. e6+
Kf6 39. Rxb4 g5 40. Rb8 Rc7 41. d6 Rc4+ 42. Kd3 Rc1 43. e7 Rd1+ 44. Ke2 Rxd6
45. e8=Q Re6 46. Qb5 Bh6 47. Rb6 {Black resigns} 1-0

[Event "ICC tourney 1932 (15 5)"]
[Site "Internet Chess Club"]
[Date "2020.07.24"]
[Round "5"]
[White "flybamboo"]
[Black "LChessMaster"]
[Result "0-1"]
[ICCResult "White resigns"]
[WhiteElo "1299"]
[BlackElo "1576"]
[Opening "King's Indian: Andersson variation"]
[ECO "E92"]
[NIC "KI.18"]
[Time "21:01:35"]
[TimeControl "900+5"]

1. d4 Nf6 2. c4 g6 3. Nc3 Bg7 4. e4 d6 5. Nf3 O-O 6. Be2 e5 7. dxe5 dxe5 8.
Bg5 Qxd1+ 9. Rxd1 Nc6 10. Bxf6 Bxf6 11. Nd5 Bd8 12. O-O Be6 13. a3 f6 14. b4
Ne7 15. Nd2 c6 16. Nxe7+ Bxe7 17. Nb3 b6 18. f4 exf4 19. Rxf4 Rfd8 20. Nd4
Bd7 21. Bg4 Bxg4 22. Rxg4 c5 23. bxc5 Bxc5 24. e5 fxe5 25. Re4 Rxd4 26.
Rexd4 Bxd4+ 27. Kf1 Rf8+ 28. Ke2 Rf2+ 29. Kd3 Rxg2 30. Ke4 Rxh2 {White
resigns} 0-1

[Event "ICC tourney 1932 (15 5)"]
[Site "Internet Chess Club"]
[Date "2020.07.24"]
[Round "5"]
[White "salamenceg"]
[Black "rjc64uk"]
[Result "0-1"]
[ICCResult "White resigns"]
[WhiteElo "1175"]
[BlackElo "1489"]
[Opening "French: Tarrasch, closed variation"]
[ECO "C05"]
[NIC "FR.17"]
[Time "21:01:19"]
[TimeControl "900+5"]

1. e4 e6 2. d4 d5 3. Nd2 Nf6 4. e5 Nfd7 5. Bd3 c5 6. c3 Nc6 7. Ngf3 cxd4 8.
cxd4 Qb6 9. Nb3 a5 10. Bc2 a4 11. Nbd2 Nxd4 12. Nxd4 Qxd4 13. Nf3 Qxd1+ 14.
Bxd1 Bc5 15. O-O O-O 16. Re1 f6 17. exf6 Nxf6 18. Bc2 Ng4 19. Rf1 e5 20. h3
Nxf2 21. Rxf2 Bxf2+ 22. Kxf2 e4 23. b3 exf3 24. gxf3 Bxh3 25. bxa4 Bg4 26.
Bd1 Bd7 27. Bb3 Bc6 28. Ba3 Rf5 29. Bc2 Rf4 30. Re1 Bxa4 31. Bxa4 Rfxa4 32.
Bd6 Rxa2+ 33. Kf1 {White resigns} 0-1

[Event "ICC tourney 1932 (15 5)"]
[Site "Internet Chess Club"]
[Date "2020.07.24"]
[Round "5"]
[White "sathviks"]
[Black "helavir"]
[Result "0-1"]
[ICCResult "White resigns"]
[WhiteElo "1721"]
[BlackElo "1913"]
[Opening "Caro-Kann: advance variation"]
[ECO "B12"]
[NIC "CK.04"]
[Time "21:01:57"]
[TimeControl "900+5"]

1. e4 c6 2. d4 d5 3. e5 Bf5 4. Bd3 Bxd3 5. Qxd3 e6 6. Nf3 c5 7. O-O Nc6 8.
c3 Nge7 9. dxc5 Ng6 10. Be3 Ngxe5 11. Nxe5 Nxe5 12. Qe2 Nc6 13. Nd2 Be7 14.
Rfd1 O-O 15. b4 Bf6 16. Rac1 Qc7 17. Nf3 Rfd8 18. b5 Na5 19. Bd4 Be7 20. Qd3
Nc4 21. a4 Nb2 22. Qe3 Nxd1 23. Rxd1 Rac8 24. Rd3 Bxc5 25. Qg5 Bxd4 26. Nxd4
h6 27. Qg4 Qe5 28. Ne2 Qe4 {White resigns} 0-1

[Event "ICC tourney 1932 (15 5)"]
[Site "Internet Chess Club"]
[Date "2020.07.24"]
[Round "5"]
[White "watermelon"]
[Black "aquilesboy"]
[Result "1/2-1/2"]
[ICCResult "Game drawn by mutual agreement"]
[WhiteElo "1325"]
[BlackElo "1312"]
[Opening "Nimzo-Indian: Kmoch variation"]
[ECO "E20"]
[NIC "NI.30"]
[Time "21:01:20"]
[TimeControl "900+5"]

1. d4 Nf6 2. c4 e6 3. Nc3 Bb4 4. f3 O-O 5. e4 c5 6. d5 d6 7. Bd3 Bxc3+ 8.
bxc3 e5 9. Ne2 Nbd7 10. O-O Re8 11. Be3 Nf8 12. Ng3 Ng6 13. Re1 h5 14. Bg5
h4 15. Nh5 h3 16. g3 Nf8 17. Nxf6+ gxf6 18. Bh6 Kh7 19. Bd2 Ng6 20. Qe2 Rh8
21. f4 Kg7 22. f5 Ne7 23. Qg4+ Kf8 24. Qd1 Bd7 25. a4 Ng8 26. Qc1 Ke7 27.
Kh1 Qf8 28. Qb2 Rb8 29. a5 Qg7 30. Be2 Nh6 31. Qc2 Ng4 32. Rf1 Rhg8 33. Rf3
{Game drawn by mutual agreement}
1/2-1/2

[Event "ICC tourney 1932 (15 5)"]
[Site "Internet Chess Club"]
[Date "2020.07.24"]
[Round "5"]
[White "Tacticsguy52"]
[Black "rohitdagod"]
[Result "0-1"]
[ICCResult "White resigns"]
[WhiteElo "1334"]
[BlackElo "1376"]
[Opening "Sicilian: Pin variation (Sicilian counter-attack)"]
[ECO "B41"]
[NIC "SI.41"]
[Time "21:01:28"]
[TimeControl "900+5"]

1. e4 c5 2. Nf3 e6 3. d4 cxd4 4. Nxd4 Nf6 5. Nc3 Bb4 6. Bd3 d6 7. Be3 Nbd7
8. O-O Ne5 9. h3 O-O 10. f4 Ng6 11. Nce2 e5 12. Nf3 exf4 13. Nxf4 Re8 14.
Nxg6 hxg6 15. Bg5 Qb6+ 16. Kh2 Nxe4 17. c3 Bc5 18. Bxe4 Rxe4 19. b4 Be3 20.
Qd3 Re8 21. Rae1 Bf5 22. Qd5 Be6 23. Qd3 Bxg5 24. Nxg5 Bf5 25. Qd5 Qc7 26.
g4 Rxe1 27. Rxe1 Bc2 28. Rf1 Rf8 29. Ne6 fxe6 30. Qxe6+ Rf7 31. Qe8+ Kh7 32.
Qxf7 Qxc3 33. Qxb7 Qe5+ 34. Kg1 Be4 35. Qxe4 Qxe4 36. Kf2 Qxb4 37. Kg3 Qc3+
38. Rf3 Qe5+ 39. Kg2 d5 40. Kf2 d4 41. h4 Qh2+ 42. Ke1 Qxa2 43. Rd3 Qb1+ 44.
Kd2 Qb2+ 45. Kd1 a5 {White resigns} 0-1

[Event "ICC tourney 1932 (15 5)"]
[Site "Internet Chess Club"]
[Date "2020.07.24"]
[Round "5"]
[White "Openyagami"]
[Black "TjkTiger"]
[Result "0-1"]
[ICCResult "White resigns"]
[WhiteElo "1621"]
[BlackElo "2226"]
[Opening "English: symmetrical variation"]
[ECO "A30"]
[NIC "EO.64"]
[Time "21:01:21"]
[TimeControl "900+5"]

1. c4 c5 2. Nf3 g6 3. Nc3 Bg7 4. b3 e5 5. Bb2 Ne7 6. e3 O-O 7. Be2 Nbc6 8.
O-O d6 9. a3 h6 10. Rb1 a5 11. d4 cxd4 12. exd4 Bf5 13. Bd3 Bg4 14. Nb5 exd4
15. h3 Bxf3 16. Qxf3 d5 17. c5 b6 18. Rbc1 Rc8 19. Qf4 Ne5 20. Bb1 bxc5 21.
a4 g5 22. Qd2 N7g6 23. Bf5 Nh4 24. Qc2 Nxf5 25. Qxf5 Qf6 26. Qxf6 Bxf6 27.
Nd6 Nd3 28. Rc2 Rc6 29. Nf5 Nxb2 30. Rxb2 Kh7 31. Rc1 Rb8 32. Rbc2 c4 33.
bxc4 d3 34. Rd2 dxc4 35. g4 Rb2 36. Rdd1 d2 {White resigns} 0-1

[Event "ICC tourney 1932 (15 5)"]
[Site "Internet Chess Club"]
[Date "2020.07.24"]
[Round "5"]
[White "playtowin2020"]
[Black "craigsholl66"]
[Result "1-0"]
[ICCResult "Black checkmated"]
[WhiteElo "1264"]
[BlackElo "1319"]
[Opening "Sicilian"]
[ECO "B54"]
[NIC "SI.01"]
[Time "21:01:31"]
[TimeControl "900+5"]

1. e4 c5 2. Nf3 d6 3. d4 cxd4 4. Nxd4 Nc6 5. Nc3 a6 6. Be3 e6 7. f3 Nf6 8.
Qd2 Be7 9. Be2 O-O 10. O-O Qc7 11. Rfd1 b5 12. Nb3 Bb7 13. Bf1 Ne5 14. Qf2
Nc4 15. Bxc4 bxc4 16. Bb6 Qc8 17. Na5 d5 18. exd5 exd5 19. a4 Bb4 20. Nxb7
Qxb7 21. Na2 Bd6 22. Bd4 Be7 23. Nc3 Rfd8 24. Ne2 Rac8 25. Ng3 g6 26. c3 Qc6
27. f4 Nd7 28. f5 Nc5 29. fxg6 hxg6 30. Qf4 Nd3 31. Rxd3 cxd3 32. Qe5 f6 33.
Qxe7 Rf8 34. Qe3 Rc7 35. Qxd3 f5 36. a5 Qc4 37. Qf3 Qb3 38. Qf4 Qxb2 39.
Qxc7 Qxa1+ 40. Nf1 Rf7 41. Qd8+ Rf8 42. Qe7 Rf7 43. Qe8+ Rf8 44. Qxg6#
{Black checkmated}
1-0

[Event "ICC tourney 1932 (15 5)"]
[Site "Internet Chess Club"]
[Date "2020.07.24"]
[Round "5"]
[White "harkerchess"]
[Black "Aryangambit"]
[Result "1-0"]
[ICCResult "Black resigns"]
[WhiteElo "1531"]
[BlackElo "1763"]
[Opening "English opening"]
[ECO "A16"]
[NIC "EO.64"]
[Time "21:01:35"]
[TimeControl "900+5"]

1. c4 Nf6 2. Nc3 g6 3. g3 Bg7 4. Bg2 O-O 5. e4 d6 6. Nge2 Nc6 7. d3 e5 8.
O-O Nd7 9. Rb1 Nc5 10. b4 Ne6 11. Be3 Ncd4 12. Qd2 c6 13. f4 Nxe2+ 14. Nxe2
Nd4 15. Nxd4 exd4 16. Bf2 c5 17. b5 b6 18. a4 Bg4 19. h3 Bd7 20. Ra1 Re8 21.
Kh2 Qc7 22. a5 h5 23. h4 Bg4 24. Ra2 a6 25. axb6 Qxb6 26. Rfa1 d5 27. Rxa6
Rxa6 28. Rxa6 Qb7 29. Qa5 dxc4 30. dxc4 d3 31. Rd6 Rxe4 32. Rxd3 Qe7 33.
Qa8+ Kh7 34. Qxe4 Qf8 35. Rd5 f5 36. Qe6 Kh6 37. Bxc5 Qh8 38. Rd6 Qh7 39. b6
Bf3 40. Bxf3 Bf6 41. Qxf6 Qf7 42. Qh8+ {Black resigns} 1-0

[Event "ICC tourney 1932 (15 5)"]
[Site "Internet Chess Club"]
[Date "2020.07.24"]
[Round "5"]
[White "firetiger"]
[Black "justinchess"]
[Result "1/2-1/2"]
[ICCResult "Game drawn by mutual agreement"]
[WhiteElo "2500"]
[BlackElo "2012"]
[Opening "English opening"]
[ECO "A20"]
[NIC "EO.24"]
[Time "21:01:41"]
[TimeControl "900+5"]

1. c4 e5 2. g3 Nf6 3. Bg2 d5 4. cxd5 Nxd5 5. Nc3 Nb6 6. Nf3 Nc6 7. O-O Be7
8. Rb1 a5 9. a3 Bf5 10. d3 O-O 11. Be3 Re8 12. Nd2 Qd7 13. Bxb6 cxb6 14. Nc4
Bd8 15. b4 axb4 16. axb4 Be6 17. b5 Na5 18. Ne3 Rc8 19. Ned5 Rc5 20. e4 Bxd5
21. Nxd5 Rxb5 22. Bh3 Rxb1 23. Bxd7 Rxd1 24. Rxd1 Rf8 25. Rc1 Nb3 26. Rc8
Nc5 27. Bb5 g6 28. f4 exf4 29. gxf4 Kg7 30. Kg2 Bh4 31. Nxb6 Rxc8 32. Nxc8
Ne6 33. f5 gxf5 34. Nd6 Nd4 35. Nxf5+ Nxf5 36. exf5 Kf6 37. Bc4 Kxf5 38.
Bxf7 Bf6 {Game drawn by mutual agreement} 1/2-1/2

[Event "ICC tourney 1932 (15 5)"]
[Site "Internet Chess Club"]
[Date "2020.07.24"]
[Round "5"]
[White "londonkid"]
[Black "vyomvidy"]
[Result "1/2-1/2"]
[ICCResult "Game drawn by repetition"]
[WhiteElo "1511"]
[BlackElo "1630"]
[Opening "Queen's gambit accepted"]
[ECO "D20"]
[NIC "QG.03"]
[Time "21:01:37"]
[TimeControl "900+5"]

1. d4 d5 2. c4 dxc4 3. e3 c5 4. Bxc4 cxd4 5. exd4 Qc7 6. Bd3 Bg4 7. Ne2 e6
8. Nbc3 Nf6 9. f3 Bh5 10. Bf4 Bd6 11. Nb5 Qa5+ 12. Bd2 Bb4 13. Nd6+ Ke7 14.
Nxb7 Bxd2+ 15. Qxd2 Qxd2+ 16. Kxd2 Nc6 17. Rac1 Rac8 18. Nc5 Rhd8 19. Ba6
Rb8 20. Nb7 Rdc8 21. Na5 Rxb2+ 22. Ke3 Nd5+ 23. Kf2 Nxa5 24. Rxc8 Rxa2 25.
Ra8 Kf6 26. h4 Bg6 27. h5 Bc2 28. h6 Nc7 29. Rxa7 Nxa6 30. Rxa6 Bd3 31. Rxa5
Rxa5 32. hxg7 Kxg7 33. Nf4 Bf5 34. g4 Bg6 35. Rc1 Ra2+ 36. Ke3 Ra3+ 37. Kf2
Kf6 38. Rc7 Ra4 39. Ke3 Ra3+ 40. Kf2 Ra4 41. Ke3 Ra3+ 42. Kf2
{Game drawn by repetition}
1/2-1/2

[Event "ICC tourney 1932 (15 5)"]
[Site "Internet Chess Club"]
[Date "2020.07.24"]
[Round "5"]
[White "AmyMGL"]
[Black "clair"]
[Result "0-1"]
[ICCResult "White forfeits on time"]
[WhiteElo "1332"]
[BlackElo "1539"]
[Opening "Robatsch (modern) defense"]
[ECO "B06"]
[NIC "KF.06"]
[Time "21:01:36"]
[TimeControl "900+5"]

1. e4 g6 2. d4 Nf6 3. Bd3 d5 4. e5 Nh5 5. h3 c5 6. c3 Nc6 7. Nf3 Ng7 8. dxc5
Ne6 9. b4 Bg7 10. O-O a5 11. Bb5 axb4 12. cxb4 O-O 13. Bxc6 bxc6 14. a3 Qc7
15. Bb2 Ba6 16. Re1 Qb8 17. Nbd2 Nxc5 18. Re3 Nd3 19. Bd4 Bh6 20. Nb3 Nf4
21. Nc5 Bc8 22. Rc3 Qb5 23. Nd3 Ne6 24. Bc5 Nxc5 25. Rxc5 Qb6 26. Nd4 Bd7
27. Qc2 Rfc8 28. Qe2 e6 29. Nb3 Bf8 30. Rcc1 Bh6 31. Rc5 Bf8 32. Rcc1 Bh6
33. Rc3 Bf8 34. Kh1 Bg7 35. Nbc5 Be8 36. Qe3 h5 37. f4 Ra7 38. Kh2 Rca8 39.
a4 Bf8 40. Rb1 Bxc5 41. Nxc5 Qd8 42. g3 d4 {White forfeits on time} 0-1

[Event "ICC tourney 1932 (15 5)"]
[Site "Internet Chess Club"]
[Date "2020.07.24"]
[Round "5"]
[White "NonnaThat"]
[Black "JosephLevine"]
[Result "0-1"]
[ICCResult "White checkmated"]
[WhiteElo "1717"]
[BlackElo "1496"]
[Opening "French: Steinitz, Boleslavsky variation"]
[ECO "C11"]
[NIC "FR.04"]
[Time "21:01:23"]
[TimeControl "900+5"]

1. e4 e6 2. d4 d5 3. Nc3 Nf6 4. e5 Nfd7 5. f4 c5 6. Nf3 Nc6 7. Be3 a6 8. Qd2
b5 9. a3 Qb6 10. Be2 cxd4 11. Nxd4 Bc5 12. O-O-O Bb7 13. Rhf1 Rc8 14. Kb1
O-O 15. g4 Rc7 16. h4 Rfc8 17. Nxc6 Rxc6 18. Bxc5 Nxc5 19. f5 b4 20. axb4
Qxb4 21. fxe6 Rb6 22. exf7+ Kf8 23. Bb5 axb5 24. Nxd5 Qxd2 25. Rxd2 Re6 26.
Rf5 g6 27. Rf4 Rxe5 28. Nb6 Rb8 29. Rd7 Re1+ 30. Ka2 Re7 31. Rd1 Rxf7 32.
Rfd4 Bf3 33. Rd8+ Rxd8 34. Rxd8+ Kg7 35. Rd4 Rf6 36. Nd7 Nxd7 37. Rxd7+ Rf7
38. Rxf7+ Kxf7 39. Kb3 Bxg4 40. Kb4 Be2 41. c4 bxc4 42. h5 gxh5 43. b3 cxb3
44. Kc3 h4 45. Kb2 h3 46. Kc1 b2+ 47. Kb1 h2 48. Ka2 b1=Q+ 49. Ka3 h1=Q 50.
Ka4 h5 51. Ka3 h4 52. Ka4 h3 53. Ka5 Bf3 54. Ka4 h2 55. Ka3 Qg2 56. Ka4 h1=B
57. Ka3 Be4 58. Ka4 Bc6+ 59. Ka5 Qd5+ 60. Ka6 Bb5+ 61. Ka5 Bf1+ 62. Ka4 Qc4+
63. Ka3 Qc3+ 64. Ka4 Bc6# {White checkmated} 0-1